 Dungeon Crawl Stone Soup version 0.30-a0-4-ga7cffc901d (webtiles) character file.

Game seed: 4122311676044195407

305 Plasmagod the Basher (level 7, -5/57 HPs)
             Began as a Meteoran Fighter on Aug 21, 2022.
             Killed by nerve-wracking pain
             ... invoked by Grinder
              (9 damage)
             ... on level 4 of the Dungeon.
             The game lasted 00:07:14 (1567 turns).

Plasmagod the Basher (Meteoran Fighter)             Turns: 1567, Time: 00:07:14

Health: -5/57      AC:  6    Str: 20    XL:     7   Next: 0%
Magic:  8/8        EV:  9    Int: 10    God:
Gold:   82         SH:  5    Dex: 19    Spells: 6/6 levels left

rFire   . . .      SeeInvis .    a - +0 flail
rCold   . . .      Faith    .    c - +0 buckler
rNeg    . . .      Spirit   .    b - +0 scale mail
rPois   .          Reflect  .    (no helmet)
rElec   .          Harm     .    (no cloak)
rCorr   .          Rampage  .    (no gloves)
Will    .....                    (no boots)
Stlth   ..........               (no amulet)
HPRegen 0.19/turn                t - +6 ring of dexterity
MPRegen 0.11/turn                (no ring)

@: glowing
A: sense surroundings 1, otherworldly, glowing, explore regen
a: no special abilities


You were on level 4 of the Dungeon.
You visited 1 branch of the dungeon, and saw 4 of its levels.

You collected 82 gold pieces.

Inventory:

Hand Weapons
 a - a +0 flail (weapon)
 q - a +5 sling of freezing
Missiles
 w - 2 throwing nets
Armour
 b - a +0 scale mail (worn)
 c - a +0 buckler (worn)
Jewellery
 t - a +6 ring of dexterity (left hand)
 v - an amulet of reflection
Scrolls
 e - 3 scrolls of identify {unknown}
 f - 2 scrolls of teleportation {unknown}
 j - 2 scrolls of enchant armour {unknown}
 k - a scroll of butterflies {unknown}
 n - a scroll of magic mapping {unknown}
 o - a scroll of fear {unknown}
 p - a scroll of amnesia {unknown}
Potions
 d - a potion of might
 g - 2 potions of mutation {unknown}
 h - a potion of degeneration {unknown}
 i - a potion of flight {unknown}
 l - a potion of curing {unknown}
 m - a potion of invisibility {unknown}
 r - a potion of resistance {unknown}
 s - 2 potions of heal wounds {unknown}
 u - a potion of magic {unknown}


   Skills:
 - Level 3.2 Fighting
 - Level 8.3 Maces & Flails
 + Level 1.5 Ranged Weapons
 - Level 3.6 Armour
 - Level 3.6 Shields


You had 6 spell levels left.
You didn't know any spells.
Your spell library contained the following spells:

 Spells                   Type           Power      Damage    Failure   Level
 Foxfire                  Conj/Fire      0%         2x1d4     80%         1
 Summon Small Mammal      Summ           0%         N/A       80%         1
 Call Canine Familiar     Summ           0%         N/A       99%         3
 Conjure Flame            Conj/Fire      0%         6-21      99%         3
 Inner Flame              Hex/Fire       0%         N/A       99%         3
 Summon Guardian Golem    Hex/Summ       0%         N/A       99%         3
 Flame Wave               Conj/Fire      0%         2d4       100%        4


Dungeon Overview and Level Annotations

Branches:
Dungeon (4/15) Zot: 805
 Temple: D:4-7

Altars:
Cheibriados
Elyvilon

Annotations:
D:4 Grinder


Innate Abilities, Weirdness & Mutations

You passively map a small area around you.
You are easily found by Zot.
You glow in the dark.
You regain HP and MP as you explore.


Message History

Grinder is severely wounded.
Grinder gestures at you.
You suddenly lose the ability to move!
Grinder blinks!
You can move again.
You shoot a sling bullet. The sling bullet hits Grinder!
Grinder is almost dead.
Grinder hits you. x2; You writhe in agony.
You shoot a sling bullet. The sling bullet hits Grinder.
Grinder is almost dead.
Grinder hits you!
You writhe in agony.
You shoot a sling bullet. The sling bullet hits Grinder.
Grinder is almost dead.
Grinder gestures at you. You resist with some effort.
You block Grinder's attack.
Your +5 sling of freezing stops glowing.
a - a +0 flail (weapon)
You closely miss Grinder.
Grinder is almost dead.
Grinder hits you.
You writhe in agony.
Grinder gestures at you.
You suddenly lose the ability to move!
Grinder gestures at you. Pain shoots through your body! Grinder hits you!
* * * LOW HITPOINT WARNING * * *
You writhe in agony.
* * * LOW HITPOINT WARNING * * *
Grinder gestures at you.
You shrug off the repeated paralysis!
You can move again.
You barely miss Grinder.
Grinder is almost dead.
Grinder gestures at you.
You shrug off the repeated paralysis!
You closely miss Grinder.
Grinder is almost dead.
Grinder gestures at you. Pain shoots through your body!
You die...

, , ........# *
* ........+ ,
........### , ,
.......... , ,
.........#
.........# , ,
.........##.#.#
* ,
.......@...>...
, * *
.......5##..#.#
,,........#*, #
, ........#* *
........# , ,
........+ * ,
......!.. *~ ,
, *########. *


You could see Grinder (strong).

Vanquished Creatures
  Sigmund (D:2)
  Robin (D:2)
  4 gnolls (D:3)
  3 adders
  2 worms
  2 dart slugs (D:3)
  An orc (D:3)
  A ball python (D:3)
  5 endoplasms (D:2)
  14 goblins
  6 hobgoblins
  3 jackals (D:1)
  4 quokkas
  9 bats
  5 frilled lizards
  4 kobolds
  4 rats
69 creatures vanquished.

Notes
Turn   | Place    | Note
-------+----------+-------------------------------------------
     0 | D:1      | Plasmagod the Meteoran Fighter began the quest for the Orb.
     0 | D:1      | Reached XP level 1. HP: 19/19 MP: 2/2
    66 | D:1      | Reached skill level 3 in Maces & Flails
    98 | D:1      | Reached XP level 2. HP: 26/26 MP: 3/3
   159 | D:1      | Reached skill level 4 in Maces & Flails
   169 | D:1      | Reached XP level 3. HP: 17/31 MP: 4/4
   324 | D:2      | Noticed Sigmund
   332 | D:2      | Killed Sigmund
   333 | D:2      | Reached skill level 7 in Maces & Flails
   333 | D:2      | Reached XP level 4. HP: 6/38 MP: 5/5
   333 | D:2      | Reached XP level 5. HP: 7/45 MP: 6/6
   333 | D:2      | Reached XP level 6. HP: 8/51 MP: 7/7
   364 | D:2      | Noticed Robin
   390 | D:2      | Killed Robin
   499 | D:2      | Reached skill level 8 in Maces & Flails
   890 | D:3      | Found a white marble altar of Elyvilon.
  1040 | D:3      | Reached skill level 1 in Ranged Weapons
  1199 | D:3      | Found a snail-covered altar of Cheibriados.
  1264 | D:3      | Reached XP level 7. HP: 56/57 MP: 8/8
  1551 | D:4      | Noticed Grinder
  1555 | D:4      | Paralysed by Grinder for 3 turns
  1562 | D:4      | Paralysed by Grinder for 4 turns
  1567 | D:4      | Killed from afar by Grinder

Illustrated notes

Levels and vault maps discovered:
D:1:      eino_arrival_water_star, layout_rooms,
          shapermc_ecumenical_altar_starsandcircs
D:2:      layout_loops_ring, uniq_robin, uniq_sigmund
D:3:      layout_loops_ring, mainiacjoe_overflow_small_starburst,
          chei_slow_surprise
D:4:      layout_basic, mainiacjoe_overflow_surrounded_room, serial_shops,
          nicolae_shop_hallway_plus, nicolae_shop_statue_plus,
          nicolae_shop_crystal, kennysheep_small_circle, uniq_eustachio,
          uniq_blork_the_orc, uniq_grinder

Skill      XL: |  1  2  3  4  5  6 |
---------------+-------------------+-----
Maces & Flails | 3 4 7 8 |  8.3
Ranged Weapons | 1 |  1.5
Fighting       | |  3.2
Armour         | |  3.6
Shields        | |  3.6

Action                   |  1- 3 |  4- 6 |  7- 9 || total
-------------------------+-------+-------+-------++-------
Melee: Flail             |    58 |   106 |     5 ||   169
 Fire: Sling             |       |    14 |     6 ||    20
Armor: Scale mail        |    35 |    39 |       ||    74
Dodge: Dodged            |    23 |    38 |     1 ||    62
Block: Buckler           |    14 |    20 |     2 ||    36

Table legend: (Time is in decaauts)
 A = Elapsed time spent in this place.
 B = Non-inter-level travel time spent in this place.
 C = Inter-level travel time spent in this place.
 D = Time resting spent in this place.
 E = Time spent auto-exploring this place.
 F = Levels seen in this place.
 G = Mean time per level.
                   A        B        C        D        E       F      G
               +--------+--------+--------+--------+--------+-----+--------+
         Total |   1593 |   1492 |    101 |      0 |    607 |   4 |  398.2 |
       Dungeon |   1593 |   1492 |    101 |      0 |    607 |   4 |  398.2 |
               +--------+--------+--------+--------+--------+-----+--------+

Top non-repeatable levels by time:
     D:3: 748 daAuts
     D:2: 576 daAuts
     D:1: 250 daAuts
     D:4: 17 daAuts
